 Dungeon Crawl Stone Soup version 0.30.1-11-g7821555f0a (webtiles) character file.

Game seed: 1395447155705421634

311610 Peloso the Hoplite (level 20, -1/201 HPs)
             Began as a Minotaur Fighter on Jan 17, 2024.
             Was the Champion of Okawaru.
             Slain by Mennas
             ... wielding a +0 trishula of holy wrath
              (14 damage)
             ... on level 2 of the Vaults on Jan 18, 2024.
             The game lasted 02:07:54 (52190 turns).

Peloso the Hoplite (Minotaur Fighter)              Turns: 52190, Time: 02:07:55

Health: -1/201     AC: 31    Str: 30    XL:     20   Next: 42%
Magic:  20/20      EV: 16    Int:  5    God:    Okawaru [******]
Gold:   6503       SH: 18    Dex: 19    Spells: 19/19 levels left

rFire   . . .        a - +7 double sword (heavy)
rCold   + . .        d - +1 kite shield of Understanding {rCorr Dex+3}
rNeg    . . .        u - +1 chain mail {rPois}
rPois   +            T - +3 hat of Okawaru's Regard {rC+ Will++}
rElec   +            M - +5 cloak of Jigsaw {rElec}
rCorr   +            Q - +1 pair of gloves
SInv    .            J - +1 pair of boots of the Crypt {rElec Slay+3}
Will    +++..        A - amulet of the acrobat Stlth
                     W - ring of Spite {rElec Str+6}
HPRegen 0.53/turn    k - +4 ring of slaying
MPRegen 0.17/turn

%: acrobat
@: glowing, studying Conjurations, silenced
A: horns 2, retaliatory headbutt
}: 2/15 runes: decaying, gossamer
a: Renounce Religion


You were on level 2 of the Vaults.
You worshipped Okawaru.
Okawaru was exalted by your worship.
You visited 8 branches of the dungeon, and saw 36 of its levels.
You also visited: Ice Cave.

You collected 7987 gold pieces.
You spent 1484 gold pieces at shops.

Inventory:

Hand Weapons
 a - a +7 heavy double sword (weapon)
 b - a +1 double sword of flaming
 c - a +2 demon blade of freezing
Armour
 d - the +1 kite shield of Understanding (worn) {rCorr Dex+3}
   (Okawaru gifted it to you on level 14 of the Dungeon)

   Dex:       It affects your dexterity (+3).
   rCorr:     It protects you from acid and corrosion.
 u - a +1 chain mail of poison resistance (worn)
 J - the +1 pair of boots of the Crypt (worn) {rElec Slay+3}
   (Okawaru gifted it to you on level 2 of the Orcish Mines)

   Slay:      It affects your accuracy & damage with ranged weapons and melee
   (+3).
   rElec:     It insulates you from electricity.
 K - the +3 crown of Dyrovepreva {rElec Int+2 SInv}
   (You found it on level 3 of the Elven Halls)

   Int:       It affects your intelligence (+2).
   rElec:     It insulates you from electricity.
   SInv:      It lets you see invisible.
 M - the +5 cloak of Jigsaw (worn) {rElec}
   (Okawaru gifted it to you on level 10 of the Dungeon)

   rElec:     It insulates you from electricity.
 P - a +2 chain mail of fire resistance
 Q - a +1 pair of gloves (worn)
 T - the +3 hat of Okawaru's Regard (worn) {rC+ Will++}
   (Okawaru gifted it to you on level 3 of the Lair of Beasts)

   rC:        It protects you from cold.
   Will:      It greatly increases your willpower.
 U - a +2 tower shield of poison resistance
Jewellery
 j - a ring of poison resistance
 k - a +4 ring of slaying (right hand)
 l - a ring of willpower
 v - a ring of flight
 A - an amulet of the acrobat (around neck)
 N - an amulet of reflection
 S - a ring of protection from cold
 W - the ring of Spite (left hand) {rElec Str+6}
   (You found it on level 4 of the Swamp)

   [ring of strength]

   Str:       It affects your strength (+6).
   rElec:     It insulates you from electricity.
Wands
 h - a wand of mindburst (3)
Scrolls
 m - 16 scrolls of identify
 o - 6 scrolls of magic mapping
 q - 5 scrolls of blinking
 y - 7 scrolls of immolation
 z - a scroll of acquirement
 B - 3 scrolls of fear
 D - 8 scrolls of poison
 L - 6 scrolls of teleportation
Potions
 e - 3 potions of magic
 f - 2 potions of heal wounds
 g - 3 potions of ambrosia
 i - 4 potions of haste
 s - 17 potions of curing
 t - 4 potions of mutation
 x - 5 potions of flight
 H - 4 potions of resistance
 I - 4 potions of invisibility
 X - 4 potions of might
 Y - 4 potions of berserk rage
Miscellaneous
 n - a condenser vane


   Skills:
 + Level 22.3 Fighting
 + Level 2.8(14.0) Short Blades
 + Level 22.4(22.5) Long Blades
 + Level 18.5 Armour
 + Level 10.9 Dodging
 + Level 3.1 Stealth
 + Level 23.2 Shields
 + Level 1.5 Invocations


You had 19 spell levels left.
You didn't know any spells.
Your spell library contained the following spells:

 Spells                   Type           Power      Damage    Failure   Level
 Apportation              Tloc           0%         N/A       82%         1
 Freeze                   Ice            0%         1d3       82%         1
 Kiss of Death            Conj/Necr      0%         2d5       82%         1
 Magic Dart               Conj           0%         1d3       82%         1
 Necrotise                Necr           0%         1d4       82%         1
 Slow                     Hex            0%         N/A       82%         1
 Sting                    Tmut/Pois      0%         1d3       82%         1
 Blink                    Tloc           0%         N/A       91%         2
 Ensorcelled Hibernation  Hex/Ice        0%         N/A       91%         2
 Poisonous Vapours        Pois/Air       0%         N/A       91%         2
 Static Discharge         Conj/Air       0%         2-2/arc   91%         2
 Sublimation of Blood     Necr           0%         N/A       91%         2
 Confusing Touch          Hex            0%         N/A       99%         3
 Dazzling Flash           Conj/Hex       0%         N/A       99%         3
 Frozen Ramparts          Ice            0%         1d1       99%         3
 Hailstorm                Conj/Ice       0%         3d3       99%         3
 Inner Flame              Hex/Fire       0%         N/A       99%         3
 Mephitic Cloud           Conj/Pois/Air  0%         N/A       99%         3
 Portal Projectile        Hex/Tloc       0%         N/A       99%         3
 Spider Form              Tmut/Pois      0%         N/A       99%         3
 Vampiric Draining        Necr           0%         2d6       99%         3
 Dispel Undead            Necr           0%         3d6       100%        4
 Leda's Liquefaction      Hex/Erth       0%         N/A       100%        4
 Manifold Assault         Tloc           0%         N/A       100%        4
 Olgreb's Toxic Radiance  Pois           0%         N/A       100%        4
 Passage of Golubria      Tloc           0%         N/A       100%        4
 Petrify                  Tmut/Erth      0%         N/A       100%        4
 Agony                    Necr           0%         N/A       100%        5
 Alistair's Intoxication  Tmut/Pois      0%         N/A       100%        5
 Blade Hands              Tmut           0%         N/A       100%        5
 Borgnjor's Vile Clutch   Necr/Erth      0%         N/A       100%        5
 Freezing Cloud           Conj/Ice/Air   0%         6-21      100%        5
 Irradiate                Conj/Tmut      0%         3d11      100%        5
 Lee's Rapid Deconstruct  Erth           0%         3d4*      100%        5
 Silence                  Hex/Air        0%         N/A       100%        5
 Yara's Violent Unravell  Hex/Tmut       0%         3d3       100%        5
 Iron Shot                Conj/Erth      0%         9d1       100%        6
 Statue Form              Tmut/Erth      0%         N/A       100%        6
 Ozocubu's Refrigeration  Ice            0%         4d7       100%        7
 Storm Form               Tmut/Air       0%         N/A       100%        7
 Borgnjor's Revivificati  Necr           0%         N/A       100%        8
 Necromutation            Tmut/Necr      0%         N/A       100%        8
 Death's Door             Necr           0%         N/A       100%        9
 Polar Vortex             Ice            0%         N/A       100%        9
 Summon Small Mammal      Summ           Unusable   N/A       N/A         1
 Call Canine Familiar     Summ           Unusable   N/A       N/A         3
 Tukima's Dance           Hex            Unusable   N/A       N/A         3
 Animate Armour           Summ/Erth      Unusable   N/A       N/A         4
 Animate Dead             Necr           Unusable   N/A       N/A         4
 Summon Lightning Spire   Summ/Air       Unusable   N/A       N/A         4
 Death Channel            Necr           Unusable   N/A       N/A         6
 Simulacrum               Ice/Necr       Unusable   N/A       N/A         6

Dungeon Overview and Level Annotations

Branches:
Dungeon (15/15)            Temple (1/1) D:4            Lair (5/5) D:10
  Swamp (4/4) Lair:3       Spider (4/4) Lair:2        Slime (0/5) Lair:5
    Orc (2/2) D:12            Elf (3/3) Orc:2        Vaults (1/5) D:14
 Depths (0/4) D:15          IceCv (visited)

Altars:
Dithmenos
Gozag
Hepliaklqana
Makhleb
Nemelex Xobeh
Okawaru
Qazlal
Ru
Sif Muna
Trog
Uskayaw
Vehumet
Wu Jian
Xom
Yredelemnul
Zin
The Shining One
Jiyva

Shops:
Orc:2 *???   Elf:1 =   Elf:2 :

Annotations:
Lair:2 Casa -
Elf:2 3 runed translucent doors
Vaults:2 Mennas


Innate Abilities, Weirdness & Mutations

You have a pair of horns on your head.
You reflexively headbutt those who attack you in melee.


Message History

Mennas hits you with a +0 trishula of holy wrath.
* * * LOW HITPOINT WARNING * * *
You block the sphinx's attack.
The sphinx hits you but does no damage. x2
Mennas gestures frantically.
Mennas's surroundings become eerily quiet.
The sphinx barely misses you. You furiously retaliate!
You headbutt the sphinx. You block the sphinx's attack.
The sphinx completely misses you.
The vault guard hits you with a +0 great sword.
* * * LOW HITPOINT WARNING * * *
A peacekeeper comes into view.
Mennas hits you from afar with a +0 trishula of holy wrath!
* * * LOW HITPOINT WARNING * * *
You block Mennas's attack. You block the sphinx's attack.
The sphinx barely misses you. The sphinx misses you.
The vault guard completely misses you. You furiously retaliate!
You headbutt the vault guard.
The slime creature quivers.
Strange energies crackle from the ironbound thunderhulk's apparatus.
The ironbound thunderhulk blinks!
The peacekeeper bites you but does no damage.
The peacekeeper misses you. Mennas completely misses you.
Mennas hits you but does no damage.
The vault guard hits you but does no damage.
You slice the slime creature!! You headbutt the slime creature!
The slime creature is severely wounded.
You block the peacekeeper's attack. The peacekeeper misses you.
Mennas is caught in a moment of prayer.
You block Mennas's attack. Mennas hits you but does no damage.
The slime creature hits you.
* * * LOW HITPOINT WARNING * * *
The sphinx hits you but does no damage. The sphinx misses you. x2
The vault guard closely misses you. You furiously retaliate!
You headbutt the vault guard.
You open the slime creature like a pillowcase!!!!
You kill the slime creature!
Okawaru accepts your kill. You block the peacekeeper's attack.
The peacekeeper claws you.
* * * LOW HITPOINT WARNING * * *
Mennas hits you from afar with a +0 trishula of holy wrath!
You die...

#..# .##
#####''##########..
#........#...p.H.#
#........#...#pp.#
#........#...#.A.#
#........+.##p##.#
#........#..J#A..#
#........+...#pH.#
####'#######.O..@§.#
......# ######9##
......# ...# ......#
...# ..8...# #...#
......# ##..#
......# ##.# ......#
.# #######


You could see Mennas (silencing), a sphinx, an ironbound thunderhulk
(unsilenced), a vault guard, a vault sentinel and a peacekeeper.

Vanquished Creatures
  Nikola (Spider:2)
  Zenata (Elf:3)
  Jorgrun (D:14)
  A tentacled monstrosity (Swamp:4)
  4 deep elf master archers (Elf:3)
  Frances (D:13)
  3 deep elf blademasters (Elf:3)
  Kirke (Spider:3)
  A fenstrider witch (Swamp:3)
  Roxanne (Elf:2)
  A frost giant (D:14)
  7 emperor scorpions
  The ghost of megamayne420 the Severer, a journeyman HOMo of the Shining One (Swamp:4)
  3 vault wardens
  3 deep elf sorcerers (Elf:3)
  Aizul (Swamp:3)
  An orc warlord (Vaults:1)
  2 ghost moths
  A ghoul (Swamp:4)
  A reaper (IceCv)
  2 deep elf elementalists (Elf:3)
  3 ironbound preservers (Vaults:1)
  An ironbound thunderhulk (Vaults:1)
  A broodmother (Spider:4)
  5 eleionomae
  A spark wasp (Spider:2)
  2 deep elf demonologists (Elf:3)
  8 deep elf annihilators
  8 bunyips
  The ghost of GriffinBr the Severer, a journeyman MiBe of Trog (D:13)
  Snorg (D:14)
  2 green deaths (Swamp:4)
  An ettin (D:13)
  Josephine (D:14)
  4 deep elf death magi (Elf:3)
  3 shambling mangroves
  2 deep elf high priests
  The ghost of Udiuviug the Thaumaturge, a journeyman DsFE of Gozag (D:14)
  The ghost of Derihikk the Severer, a journeyman MiBe of Trog (Lair:2)
  2 entropy weavers
  3 great orbs of eyes
  Erolcha (Orc:2)
  3 ironbound frosthearts (Vaults:1)
  A hell beast (Swamp:4)
  5 radroaches
  12 centaur warriors
  A ghost crab (Swamp:1)
  18 hydras
  12 alligators
  24 dancing weapons
  7 boulder beetles
  The ghost of edilice the Cleaver, a novice HORe (D:10)
  3 jorogumos
  8 death scarabs (Spider:4)
  5 two-headed ogres
  11 death yaks
  4 orc high priests
  6 tengu warriors
  3 thrashing horrors (Swamp:4)
  A spectral emperor scorpion (Spider:4)
  8 deep elf knights
  The ghost of Julppu the Cleaver, a novice MiFi (D:10)
  6 pharaoh ants
  The ghost of Noisytoot the Geomancer, a novice FoEE of Hepliaklqana (D:8)
  A fire crab (shapeshifter) (D:15)
  A sun moth (Spider:2)
  A skyshark (Lair:3)
  7 goliath frogs
  12 deep trolls (Vaults:1)
  8 orb spiders
  5 swamp dragons (Swamp:4)
  5 spriggan druids
  7 lindwurms (Vaults:1)
  12 deep elf archers
  12 bog bodies
  8 wizards
  8 steelbarb worms
  2 spectral wolf spiders (Spider:4)
  A phantasmal warrior (D:14)
  A necromancer (D:15)
  3 ironbound convokers
  A harpy (shapeshifter) (D:13)
  20 deep elf zephyrmancers
  9 orc knights
  3 orc sorcerers
  24 deep elf pyromancers
  2 will-o-the-wisps
  12 cyclopes
  32 ugly things
  20 wolf spiders
  A cyclops (shapeshifter) (Elf:1)
  7 manticores
  A centaur zombie (D:15)
  7 moths of wrath
  An ice statue (IceCv)
  9 black mambas
  11 torpor snails
  A vault sentinel (Vaults:1)
  An eye of devastation (shapeshifter) (D:14)
  15 demonic crawlers
  3 orange demons (Swamp:4)
  2 unseen horrors (D:11)
  2 spectral redbacks (Spider:4)
  6 komodo dragons
  14 cane toads
  2 yaktaurs (Vaults:1)
  A redback zombie (Spider:4)
  An ice devil (IceCv)
  4 efreet
  A kobold demonologist (D:14)
  An anaconda simulacrum (IceCv)
  3 tengu conjurers
  A meliai (D:14)
  4 polar bears (Lair:5)
  14 trolls
  26 hornets
  12 tyrant leeches
  A harpy zombie (D:15)
  36 tarantellas
  A bloated husk (Swamp:3)
  A spectral tarantella (Spider:4)
  23 blink frogs
  3 spectral jumping spiders (Spider:4)
  2 jumping spider zombies (Spider:4)
  10 dream sheep
  A tarantella zombie (Spider:4)
  2 culicivora zombies (Spider:4)
  A culicivora (shapeshifter) (D:14)
  23 slime creatures
  31 jumping spiders
  29 culicivoras
  25 spriggans
  5 shadows
  A centaur simulacrum (D:15)
  41 yaks
  3 air elementals
  8 wyverns
  A spriggan (shapeshifter) (D:13)
  6 water elementals
  2 dire elephant simulacra (IceCv)
  A hog (Spider:3)
  A small abomination (Swamp:4)
  7 wraiths
  10 basilisks
  2 fire elementals
  2 steam dragons
  6 humans
  18 vampire mosquitoes
  52 redbacks
  A death yak simulacrum (IceCv)
  7 wargs
  2 harpy simulacra (IceCv)
  A large abomination (Swamp:4)
  23 swamp worms
  2 acid dragons
  18 water moccasins
  An ice beast (D:7)
  44 orc warriors
  4 swamp drakes
  An ettin simulacrum (Vaults:2)
  7 black bears
  A black bear (shapeshifter) (D:13)
  4 boggarts (Lair:5)
  2 sky beasts (D:7)
  12 ogres
  24 wolves
  15 centaurs
  6 kobold brigands
  3 phantoms
  13 bullfrogs
  A scorpion (D:7)
  An earth elemental (Elf:1)
  7 two-headed ogre simulacra (IceCv)
  6 gnoll sergeants
  9 wights
  6 killer bees
  A troll skeleton (Swamp:4)
  2 elephant simulacra (IceCv)
  2 troll zombies (Swamp:4)
  10 howler monkeys
  A vampire bat (Orc:1)
  2 hounds
  4 jellies
  16 orc priests
  A gnoll bouda (D:8)
  9 iguanas
  17 orc wizards
  8 spriggan simulacra (IceCv)
  2 polar bear simulacra (IceCv)
  6 troll simulacra (IceCv)
  3 wolf simulacra (IceCv)
  6 ogre zombies (D:12)
  2 boggart simulacra (D:14)
  Robin (D:4)
  5 naga simulacra (IceCv)
  4 adders
  29 gnolls
  A shadow imp (D:6)
  9 white imps
  11 ufetubi
  2 worms (D:3)
  2 dart slugs
  75 orcs
  5 ball pythons
  5 endoplasms
  6 giant cockroaches
  13 goblins
  10 hobgoblins
  9 jackals
  28 kobolds
  4 quokkas
  11 bats
  13 frilled lizards
  A hobgoblin skeleton (D:12)
  2 hobgoblin zombies (D:12)
  16 orc zombies (D:12)
  4 rats
1533 creatures vanquished.

Vanquished Creatures (others)
  A bunyip (Swamp:2)
  An ugly thing (D:13)
  5 bloated husks
  A vampire (D:11)
  A swamp worm (Swamp:2)
  An orc wizard (Elf:3)
  16 foxfires
26 creatures vanquished.

Grand Total: 1559 creatures vanquished

Notes
Turn   | Place    | Note
-------+----------+-------------------------------------------
     0 | D:1      | Peloso the Minotaur Fighter began the quest for the Orb.
     0 | D:1      | Reached XP level 1. HP: 19/19 MP: 0/0
   186 | D:1      | Reached XP level 2. HP: 11/27 MP: 1/1
   969 | D:2      | Reached XP level 3. HP: 33/33 MP: 2/2
  1268 | D:2      | Reached skill level 4 in Shields
  1942 | D:3      | Reached XP level 4. HP: 29/41 MP: 3/3
  2450 | D:4      | Reached XP level 5. HP: 47/47 MP: 4/4
  2549 | D:4      | Noticed Robin
  2562 | D:4      | Reached skill level 5 in Shields
  2567 | D:4      | Reached skill level 5 in Fighting
  2583 | D:4      | Killed Robin
  2751 | D:4      | Found a shadowy altar of Dithmenos.
  2751 | D:4      | Noticed a phantom
  2754 | D:4      | Killed a phantom
  2755 | D:4      | Reached XP level 6. HP: 56/56 MP: 5/5
  2777 | D:4      | Reached skill level 5 in Long Blades
  2780 | D:4      | Reached skill level 5 in Armour
  2942 | D:4      | Found a staircase to the Ecumenical Temple.
  3286 | Temple   | Entered the Ecumenical Temple
  3313 | Temple   | Became a worshipper of Warmaster Okawaru
  3394 | D:5      | Entered Level 5 of the Dungeon
  3603 | D:5      | Reached XP level 7. HP: 24/61 MP: 6/6
  3935 | D:5      | Reached * piety under Okawaru
  4184 | D:6      | Reached skill level 1 in Dodging
  4668 | D:6      | Reached XP level 8. HP: 58/70 MP: 7/7
  5143 | D:7      | Reached skill level 6 in Shields
  5397 | D:7      | Reached ** piety under Okawaru
  6221 | D:8      | Noticed Noisytoot's ghost (novice FoEE)
  6226 | D:8      | Identified the +1 dagger "Xialoq" {flame, rF+ rN+ Dex+2}
  6236 | D:8      | Reached XP level 9. HP: 78/79 MP: 8/8
  6299 | D:7      | Reached skill level 10 in Long Blades
  6347 | D:7      | HP: 3/79 [wyvern (1)]
  6355 | D:7      | Reached *** piety under Okawaru
  6624 | D:7      | Reached skill level 7 in Shields
  7072 | D:8      | Found a transporter.
  7081 | D:8      | Reached **** piety under Okawaru
  7639 | D:8      | Reached XP level 10. HP: 49/90 MP: 9/9
  7642 | D:8      | Paralysed by a hornet for 2 turns
  7643 | D:8      | HP: 4/90 [hornet (13)]
  8289 | D:9      | Reached skill level 10 in Armour
  8495 | D:9      | Reached skill level 8 in Shields
  9595 | D:9      | Reached ***** piety under Okawaru
 10090 | D:10     | Entered Level 10 of the Dungeon
 10198 | D:10     | Found a runed translucent gate.
 10199 | D:10     | Found a runed translucent gate.
 10199 | D:10     | Found a runed translucent gate.
 10203 | D:10     | Noticed edilice's ghost (novice HORe)
 10203 | D:10     | Noticed Julppu's ghost (novice MiFi)
 10212 | D:10     | Paralysed by a hornet for 3 turns
 10415 | D:10     | Noticed a two-headed ogre
 10422 | D:10     | Killed a two-headed ogre
 10422 | D:10     | Identified the +5 cloak of Jigsaw {rElec} (Okawaru gifted
                  | it to you on level 10 of the Dungeon)
 10422 | D:10     | Received a gift from Okawaru
 10423 | D:10     | Reached XP level 11. HP: 60/99 MP: 10/10
 10716 | D:10     | Reached skill level 10 in Fighting
 10754 | D:10     | Reached skill level 9 in Shields
 10821 | D:10     | Found a staircase to the Lair.
 10823 | D:10     | Noticed a two-headed ogre
 10837 | D:10     | Killed a two-headed ogre
 10838 | D:10     | Reached skill level 1 in Stealth
 11081 | D:10     | Found a hazy altar of Hepliaklqana.
 11223 | D:11     | Noticed a purple ugly thing
 11234 | D:11     | Killed a purple ugly thing
 11847 | D:11     | Found a shimmering altar of Xom.
 11895 | D:11     | Noticed a two-headed ogre
 11905 | D:11     | Killed a two-headed ogre
 12462 | D:11     | Identified the +0 ring mail of Understanding {Int+3}
 12527 | Lair:1   | Entered Level 1 of the Lair of Beasts
 12575 | Lair:1   | Reached ****** piety under Okawaru
 12579 | Lair:1   | Reached XP level 12. HP: 27/110 MP: 11/11
 12717 | Lair:1   | Found a frozen archway.
 12842 | IceCv    | Entered an ice cave
 13966 | IceCv    | Noticed a reaper
 14312 | IceCv    | Killed a reaper
 14683 | IceCv    | Got the Essays on Hail
 14992 | Lair:1   | Received a gift from Okawaru
 15012 | Lair:1   | Reached skill level 10 in Shields
 15033 | Lair:1   | Reached skill level 15 in Long Blades
 15624 | Lair:1   | Identified a scroll of acquirement
 15685 | Lair:2   | Reached skill level 5 in Dodging
 15828 | Lair:2   | Noticed Derihikk's ghost (journeyman MiBe)
 15828 | Lair:2   | Noticed a four-headed hydra
 15982 | Lair:2   | Found a transporter.
 15985 | Lair:2   | Noticed a death yak
 16003 | Lair:2   | Noticed a four-headed hydra
 16039 | Lair:2   | Found a transporter.
 16122 | Lair:2   | Found a hole to the Spider Nest.
 16139 | Lair:2   | Reached XP level 13. HP: 122/122 MP: 12/12
 16834 | Lair:3   | Reached skill level 1 in Invocations
 16842 | Lair:3   | Identified the +3 hat of Okawaru's Regard {rC+ Will++}
                  | (Okawaru gifted it to you on level 3 of the Lair of Beasts)
 16842 | Lair:3   | Received a gift from Okawaru
 17170 | Lair:3   | Found a staircase to the Swamp.
 17218 | Lair:3   | Reached skill level 1 in Short Blades
 17235 | Lair:3   | Reached skill level 11 in Shields
 18284 | D:12     | Found a staircase to the Orcish Mines.
 18914 | Orc:1    | Entered Level 1 of the Orcish Mines
 19674 | Orc:2    | Entered Level 2 of the Orcish Mines
 19889 | Orc:2    | Received a gift from Okawaru
 20017 | Orc:2    | Reached XP level 14. HP: 36/133 MP: 13/13
 20481 | Orc:2    | Found Vereixiu's Magic Scroll Shop.
 20481 | Orc:2    | Found Utowiax's Magic Scroll Emporium.
 20483 | Orc:2    | Found Ockiz's Assorted Antiques.
 20485 | Orc:2    | Found Quastethriq's Magic Scroll Boutique.
 20489 | Orc:2    | Bought a scroll of acquirement for 624 gold pieces
 20491 | Orc:2    | Bought a scroll of acquirement for 624 gold pieces
 20496 | Orc:2    | Bought a bubbling brown potion for 28 gold pieces
 20496 | Orc:2    | Bought a bubbling brown potion for 28 gold pieces
 20498 | Orc:2    | Bought a scroll of magic mapping for 90 gold pieces
 20726 | Orc:2    | Reached skill level 15 in Fighting
 20779 | Orc:2    | Found a staircase to the Elven Halls.
 20817 | Orc:2    | Reached skill level 12 in Shields
 21156 | Orc:2    | Noticed Erolcha
 21173 | Orc:2    | Killed Erolcha
 21173 | Orc:2    | Identified the +1 pair of boots of the Crypt {rElec Slay+3}
                  | (Okawaru gifted it to you on level 2 of the Orcish Mines)
 21173 | Orc:2    | Received a gift from Okawaru
 23048 | Lair:5   | Entered Level 5 of the Lair of Beasts
 23138 | Lair:5   | Found a staircase to the Slime Pits.
 23139 | Lair:5   | Found a viscous altar of Jiyva.
 23441 | Lair:5   | Reached skill level 13 in Shields
 23449 | Lair:5   | Reached skill level 15 in Armour
 23666 | Lair:5   | Identified the +0 robe of Experimentation {rN+ Int+4}
 23889 | Lair:5   | Received a gift from Okawaru
 24576 | D:13     | Noticed GriffinBr's ghost (journeyman MiBe)
 24576 | D:13     | Found a runed translucent door.
 24576 | D:13     | Found a shimmering altar of Xom.
 24577 | D:13     | Noticed Frances
 24586 | D:13     | Killed Frances
 25257 | D:13     | Reached XP level 15. HP: 145/145 MP: 14/14
 26096 | D:13     | Reached skill level 14 in Shields
 26956 | D:8      | Found a transporter.
 26968 | D:8      | Killed Noisytoot's ghost
 27276 | D:10     | Killed edilice's ghost
 27288 | D:10     | Killed Julppu's ghost
 27454 | D:14     | Found a runed translucent gate.
 27454 | D:14     | Found a runed translucent gate.
 27454 | D:14     | Found a runed translucent gate.
 27455 | D:14     | Found an opulent altar of Gozag.
 27456 | D:14     | Noticed Udiuviug's ghost (journeyman DsFE)
 27457 | D:14     | Noticed a frost giant
 27746 | D:14     | Noticed Snorg
 27758 | D:14     | Killed Snorg
 27768 | D:14     | Noticed Josephine
 27782 | D:14     | Killed Josephine
 27793 | D:14     | Identified the +1 kite shield of Understanding {rCorr
                  | Dex+3} (Okawaru gifted it to you on level 14 of the
                  | Dungeon)
 27793 | D:14     | Received a gift from Okawaru
 27822 | D:14     | Found a gate to the Vaults.
 28086 | D:14     | Noticed Jorgrun
 28092 | D:14     | Killed Jorgrun
 28093 | D:14     | Reached skill level 15 in Shields
 28161 | D:14     | Reached XP level 16. HP: 123/157 MP: 15/15
 28247 | D:14     | Got the Papyrus of Combed Thunderclap
 28254 | D:14     | Got Ts'ui Pên's Book of Forking Paths
 28289 | D:14     | Got the Grimoire of Axaxaxas mlö
 28805 | D:15     | Entered Level 15 of the Dungeon
 28823 | D:15     | Identified the +2 spear "Estar" {elec, rF+ SInv}
 29229 | D:15     | Found a stormy altar of Qazlal.
 29509 | D:15     | Found a staircase to the Depths.
 29899 | D:13     | Killed GriffinBr's ghost
 29908 | D:13     | Got the Precepts of Unstable Filth
 30485 | Lair:2   | Reached skill level 16 in Shields
 30497 | Lair:2   | Killed Derihikk's ghost
 30497 | Lair:2   | Received a gift from Okawaru
 30586 | Lair:2   | Acquired a +0 double sword of electrocution
 30821 | D:14     | Killed Udiuviug's ghost
 31105 | Orc:2    | Bought a scroll of magic mapping for 90 gold pieces
 31116 | Orc:2    | Acquired 1089 gold pieces
 31151 | Elf:1    | Entered Level 1 of the Elven Halls
 31189 | Elf:1    | Found Uwaitaff's Jewellery Boutique.
 31443 | Elf:1    | Received a gift from Okawaru
 31694 | Elf:1    | Identified the +0 robe "Sid Ifiu" {Will+ Regen+ rCorr
                  | Dex-5} (Okawaru gifted it to you on level 1 of the Elven
                  | Halls)
 31694 | Elf:1    | Received a gift from Okawaru
 32148 | Elf:2    | Noticed Roxanne
 32158 | Elf:2    | Killed Roxanne
 32192 | Elf:2    | Reached XP level 17. HP: 165/168 MP: 16/16
 32198 | Elf:2    | Reached skill level 17 in Shields
 32563 | Elf:2    | Found Podic's Book Shoppe.
 32805 | Elf:2    | Found a runed translucent gate.
 32806 | Elf:2    | Found a runed translucent gate.
 32806 | Elf:2    | Found a runed translucent gate.
 32860 | Elf:3    | Entered Level 3 of the Elven Halls
 33230 | Elf:3    | Identified the +1 lajatang "Lidasu Oxkun" {freeze, Fly rF+
                  | Int+4 SInv}
 33237 | Elf:3    | Noticed Zenata
 33247 | Elf:3    | Killed Zenata
 33547 | Elf:3    | Identified the +6 broad axe of the Vine {antimagic, Contam
                  | Dex+7} (Okawaru gifted it to you on level 3 of the Elven
                  | Halls)
 33547 | Elf:3    | Received a gift from Okawaru
 33753 | Elf:3    | Paralysed by an air elemental for 1 turns
 33981 | Elf:3    | Identified the +2 quarterstaff of Desperation {heavy,
                  | Will+}
 34070 | Elf:3    | Identified the +6 broad axe of Aptaut {freeze, *Slow Fly
                  | Int+6}
 34085 | Elf:3    | Noticed a deep elf blademaster
 34095 | Elf:3    | Killed a deep elf blademaster
 34128 | Elf:3    | Noticed a Brimstone Fiend
 34134 | Elf:3    | Noticed a deep elf blademaster
 34134 | Elf:3    | Noticed a deep elf master archer
 34134 | Elf:3    | Noticed a deep elf master archer
 34136 | Elf:3    | Received a gift from Okawaru
 34137 | Elf:3    | Reached skill level 18 in Shields
 34141 | Elf:3    | Killed a deep elf blademaster
 34483 | Elf:3    | Killed a deep elf master archer
 34749 | Elf:3    | Noticed a deep elf master archer
 34762 | Elf:3    | Killed a deep elf master archer
 34767 | Elf:3    | Noticed a deep elf master archer
 36135 | Elf:3    | Killed a deep elf master archer
 36543 | Elf:3    | Killed a deep elf master archer
 36547 | Elf:3    | Received a gift from Okawaru
 36768 | Elf:3    | Identified the +1 robe of the Marlin {rPois rN+ Regen+}
 36846 | Elf:3    | Noticed a deep elf blademaster
 36858 | Elf:3    | Killed a deep elf blademaster
 37163 | Elf:3    | Identified the staff of death "Yrhazxo" {rF+ rN+}
 37254 | Elf:3    | Identified the staff of death "Geph" {rPois rF- rN+ Str+3
                  | Int+3}
 37262 | Elf:3    | Identified the staff of death "Jobif" {rN+ SInv}
 37277 | Elf:3    | Found the +3 crown of Dyrovepreva {rElec Int+2 SInv}
 37701 | Swamp:1  | Entered Level 1 of the Swamp
 38354 | Swamp:1  | Reached XP level 18. HP: 177/178 MP: 18/18
 38379 | Swamp:1  | Identified the +4 scale mail of Noughts and Crosses {rCorr
                  | Str+3 Dex+2} (Okawaru gifted it to you on level 1 of the
                  | Swamp)
 38379 | Swamp:1  | Received a gift from Okawaru
 38534 | Swamp:2  | Reached skill level 19 in Shields
 39856 | Spider:1 | Entered Level 1 of the Spider Nest
 40600 | Spider:1 | Identified the +11 broad axe of Ipybif {heavy, rPois}
                  | (Okawaru gifted it to you on level 1 of the Spider Nest)
 40600 | Spider:1 | Received a gift from Okawaru
 41452 | Spider:2 | Noticed Nikola
 41461 | Spider:2 | Killed Nikola
 41469 | Spider:2 | Reached skill level 20 in Shields
 41485 | Spider:2 | HP: 9/180 [disintegration (44)]
 41933 | Spider:2 | Identified the +4 war axe "Giantbane" {drain, SInv Stlth+}
 42101 | Spider:2 | Identified the +6 falchion "Zaosugoq" {flame, rCorr Str-4
                  | Int+3} (Okawaru gifted it to you on level 2 of the Spider
                  | Nest)
 42101 | Spider:2 | Received a gift from Okawaru
 42485 | Spider:3 | Noticed Kirke
 42491 | Spider:3 | Killed Kirke
 43969 | Spider:3 | Received a gift from Okawaru
 43970 | Spider:3 | Reached XP level 19. HP: 173/189 MP: 19/19
 44346 | Spider:3 | Acquired 1149 gold pieces
 44373 | Spider:4 | Entered Level 4 of the Spider Nest
 44391 | Spider:4 | Identified the +6 falchion of Yblutz {freeze, Will+}
                  | (Okawaru gifted it to you on level 4 of the Spider Nest)
 44391 | Spider:4 | Received a gift from Okawaru
 44712 | Spider:4 | Reached skill level 10 in Dodging
 44720 | Spider:4 | Reached skill level 21 in Shields
 46459 | Swamp:3  | Identified the +10 long sword "Ajeojeyxt" {freeze, Str+3}
 46521 | Swamp:3  | Paralysed by a hornet for 1 turns
 47005 | Swamp:3  | Noticed Aizul
 47016 | Swamp:3  | Killed Aizul
 47320 | Swamp:4  | Entered Level 4 of the Swamp
 47343 | Swamp:4  | Found a transporter.
 47353 | Swamp:4  | Found a transporter.
 47366 | Swamp:4  | Received a gift from Okawaru
 47973 | Swamp:4  | Noticed megamayne420's ghost (journeyman HOMo)
 48237 | Swamp:4  | Reached skill level 22 in Shields
 48428 | Swamp:4  | Got a decaying rune of Zot
 48977 | Swamp:4  | Killed megamayne420's ghost
 48979 | Swamp:4  | Received a gift from Okawaru
 49000 | Swamp:4  | Identified the ring of Spite {rElec Str+6}
 49732 | Spider:4 | Reached XP level 20. HP: 190/200 MP: 20/20
 49981 | Spider:4 | Got a gossamer rune of Zot
 50490 | Vaults:1 | Entered Level 1 of the Vaults
 51212 | Vaults:1 | Reached skill level 23 in Shields
 51762 | Vaults:1 | Identified the +1 robe "Mijyntenlup" {Rampage}
 51804 | Vaults:1 | Identified the +4 falchion of the Wilderness {speed,
                  | Stlth+} (Okawaru gifted it to you on level 1 of the Vaults)
 51804 | Vaults:1 | Received a gift from Okawaru
 52119 | Vaults:1 | You fall into a shaft and drop 1 floor!
 52171 | Vaults:2 | Noticed Mennas
 52190 | Vaults:2 | Slain by Mennas

Illustrated notes

Levels and vault maps discovered:
D:1:      minmay_arrival_stair_chambers, layout_basic
D:2:      layout_basic, kennysheep_boxes
D:3:      layout_basic
D:4:      layout_loops_cross, lemuel_round_altar, minmay_temple_entry_fiery,
          uniq_robin
D:5:      layout_basic, amcnicky_mini_pool_small, minmay_holes
D:6:      layout_loops_ring, nrook_mini_backslash, minmay_lizard_king
D:7:      layout_basic, minmay_circle_x
D:8:      minmay_evil_eye, layout_rooms, gammafunk_ghost_smash, minmay_puff
D:9:      layout_stronghold, minmay_increasing_density
D:10:     layout_gridville, nzn_hepliaklqana_mist_gate, minmay_lair_entry_grove,
          gammafunk_ghost_cemetery
D:11:     layout_loops_corners, tgw_xom
D:12:     layout_long_grid, zombieorc1_lemuel
D:13:     nicolae_aperiodic_l_corner, layout_basic, ebering_ghost_xom,
          kennysheep_kite_vault, uniq_frances
D:14:     minmay_quarter_circles, layout_rooms, erik_vaults_1,
          ebering_ghost_gozag, minmay_misc_feat_square,
          bh_hangedman_babel_library, uniq_jorgrun, uniq_snorg, uniq_josephine
D:15:     grunt_enter_depths_magical_seal, layout_basic,
          nicolae_twisting_strands, nicolae_qazlal_eye_of_the_storm
Temple:   nicolae_temple_bog_church
Lair:1:   layout_regular_city, portal_ice_cave_entry_pillars_2
Lair:2:   cheibrodos_lair_river_kwai, layout_gridlike, spider_nest_entry_a,
          nzn_ghost_randoct
Lair:3:   layout_regular_city, minmay_swamp_entry_reptiles
Lair:4:   layout_gridlike, serial_forest, infiniplex_forest_straight_2,
          infiniplex_forest_straight_1, infiniplex_forest_lined_2,
          infiniplex_forest_lined_room_3, infiniplex_forest_clump_medium
Lair:5:   minmay_lair_end_enchanted_forest, layout_loops_ring, slime_entry_1
Swamp:1:  layout_basic_swamp, nicolae_swamp_tree_isthmus,
          infiniplex_staircase_pool
Swamp:2:  layout_falls_marsh, serial_swamp_ruin, evilmike_swamp_ruin_house_3,
          hangedman_swamp_ruin_wall, evilmike_swamp_ruin_house_6,
          nicolae_swamp_vermiculated
Swamp:3:  layout_basic_swamp, evilmike_swamp_ruin_rubble_1, uniq_aizul
Swamp:4:  swamp_vile, layout_basic_swamp, gammafunk_ghost_arena, swamp_pool3,
          cheibrodos_swamp_minitomb
Spider:1: layout_spider_delve
Spider:2: nicolae_spider_hilbert_zone_5 [nicolae_spider_hilbert_3_sides_1_open,
          nicolae_spider_hilbert_4_sides_1_open,
          nicolae_spider_hilbert_4_sides_1_open,
          nicolae_spider_hilbert_6_sides_1_open,
          nicolae_spider_hilbert_6_sides_1_open], uniq_nikola
Spider:3: layout_spider_delve, nicolae_spider_webbed_stairs,
          hangedman_spider_tarantella_strand, uniq_kirke
Spider:4: floodkiller_spider_rune_tomb, worms_lemuel
Orc:1:    layout_diamond_mine, roderic_batcave
Orc:2:    st_orc_rangers, layout_diamond_mine, uniq_erolcha
Elf:1:    eino_elf_arrival_sip, layout_loops_cross, serial_shops, shop,
          hangedman_corner_corridor
Elf:2:    nicolae_elf_blades_crystal_corner, layout_onion_city, serial_shops,
          shop, st_stairs_14, uniq_roxanne
Elf:3:    minmay_elf_hall, layout_gridlike, grunt_ministairs_11, uniq_zenata
Vaults:1: nicolae_vaults_trapezoid_4, nicolae_vaults_shrinking_rooms_2,
          nicolae_vaults_stepped_doors, nicolae_vaults_trapezoid_4,
          nicolae_vaults_trapezoid_lopsided_4, nicolae_vaults_fighting_squares,
          nicolae_vaults_tetromino_L_1, nicolae_vaults_house_1, v_misc_27,
          nicolae_vaults_tetromino_T_1, layout_vaults_chaotic_city
Vaults:2: hangedman_vaults_corner, vaults_room_door_hall,
          nicolae_vaults_tetromino_L_2, minmay_crypt_entry_simple_statues,
          hangedman_vaults_locks, vaults_standard_mumra_enter_the_diamond,
          nicolae_vaults_storage_room_water,
          vaults_standard_mumra_enter_the_diamond, v_rooms_6,
          nicolae_vaults_offset_grid_hallway_1, nicolae_vaults_angled_halls,
          nicolae_vaults_trapezoid_lopsided_3, nicolae_vaults_house_1,
          nicolae_vaults_tetromino_T_1, nicolae_vaults_layer_cake_slice,
          serial_ice_h, layout_vaults_maze, uniq_mennas

Skill      XL: |  1  2  3  4  5  6  7  8  9 10 11 12 13 14 15 16 17 18 19 20 |
---------------+-------------------------------------------------------------+-----
Armour         | 4 5 6 7 9 10 12 13 14 15 16 17 18 | 18.5
Fighting       | 4 5 6 7 8 9 11 13 14 16 18 19 20 21 22 | 22.3
Shields        | 4 5 6 7 8 9 10 11 13 15 16 18 20 22 23 | 23.2
Long Blades    | 3 4 6 7 9 10 12 14 15 16 17 18 19 20 21 22 | 22.4
Dodging        | 1 2 3 5 6 7 8 9 10 | 10.9
Stealth        | 1 2 3 |  3.1
Invocations    | 1 |  1.5
Short Blades   | 1 2 |  2.8

Action                     |  1- 3 |  4- 6 |  7- 9 | 10-12 | 13-15 | 16-18 | 19-21 || total
---------------------------+-------+-------+-------+-------+-------+-------+-------++-------
  Melee: Long sword        |   102 |    98 |   273 |   562 |       |       |       ||  1035
         Headbutt          |    13 |    18 |    52 |   197 |   276 |   261 |   184 ||  1001
         Demon blade       |       |       |       |   140 |  1090 |   187 |       ||  1417
         Dagger            |       |       |       |       |     9 |       |       ||     9
         Quick blade       |       |       |       |       |     6 |       |       ||     6
         Scimitar          |       |       |       |       |     4 |    22 |       ||    26
         Double sword      |       |       |       |       |       |   901 |   705 ||  1606
 Invoke: Heroism           |       |       |     2 |     4 |     6 |     5 |     3 ||    20
    Use: Potion            |     6 |       |     5 |     8 |     1 |     2 |       ||    22
         Scroll            |       |       |     8 |    10 |    10 |    12 |     3 ||    43
 Armour: Scale mail        |    41 |       |       |       |       |       |       ||    41
         Chain mail        |    17 |    50 |   169 |   323 |   582 |   444 |   589 ||  2174
  Dodge: Dodged            |    49 |    49 |   135 |   263 |   596 |   758 |   853 ||  2703
  Block: Buckler           |    28 |    42 |   106 |   205 |   518 |       |       ||   899
         Kite shield       |       |       |       |       |    23 |  1145 |  1090 ||  2258
         Reflection        |       |       |       |       |     2 |       |       ||     2
